Match 48588809
Unlisted

Match 48588809
End
Pioneer Squad
Construct Infanterie Kompanie
Grenadier Squad
MG 42 Machine Gun Team
Grenadier Squad
Grenadier Squad
Medical Station
Construct Panzergrenadier Kompanie
Selects Mechanized Battlegroup
Selects Raid Package
Pak 40 Anti-tank Gun Team
Support Elements
Nebelwerfer 42 Rocket Launcher Team
Selects StuG Assault Group
Panzergrenadier Squad
Construct Panzer Kompanie
Selects UNKNOWN (2160084)
Selects Spotting Scopes
Sturmpanzer IV Brummbär
Selects Wespe Self-propelled Artillery
Pioneer Squad
Selects Mechanized Assault
Panther Heavy Tank
REGULATOR
♠ Mr. President ♠
0
0

Comments sign in to comment!

No comments posted yet!